 Dungeon Crawl Stone Soup version 0.21.0-24-g2553a33 (webtiles) character file.

158850 Monsterracer the Brawler (level 17, -4/154 HPs)
             Began as a Ghoul Skald on Jan 21, 2018.
             Was the Champion of Makhleb.
             Slain by an emperor scorpion (20 damage)
             ... on level 4 of the Spider Nest.
             The game lasted 01:12:58 (32831 turns).

Monsterracer the Brawler (Ghoul Skald)             Turns: 32831, Time: 01:12:58

Health: -4/154     AC: 32    Str: 22    XL:     17   Next: 72%
Magic:  1/26       EV: 11    Int: 11    God:    Makhleb [******]
Gold:   2077       SH: 13    Dex:  8    Spells: 3/19 levels left

rFire    . . .     SeeInvis .     - Unarmed
rCold    + . .     Gourm    .   V - +1 shield {AC+3}
rNeg     + + +     Faith    .   l - +4 plate armour
rPois    ∞         Spirit   .   R - +2 helmet {Int+3}
rElec    .         Reflect  .   Q - +1 cloak {rPois}
rCorr    +         Harm     .   (no gloves)
MR       +....                  z - +2 pair of boots
Stlth    ..........             y - amulet of regeneration
HPRegen  0.00/turn              O - ring of resist corrosion {!d}
MPRegen  0.20/turn              U - +4 ring of evasion

@: about to teleport, rotting
A: rotting body, claws 1, carnivore, cold resistance 1, negative energy
resistance 3, inhibited regeneration, torment resistance, unbreathing
a: Minor Destruction, Lesser Servant of Makhleb, Major Destruction, Greater
Servant of Makhleb, Renounce Religion


You were on level 4 of the Spider Nest.
You worshipped Makhleb.
Makhleb was exalted by your worship.
You were not hungry.

You visited 5 branches of the dungeon, and saw 28 of its levels.
You also visited: Labyrinth and Sewer.

You collected 2602 gold pieces.
You spent 525 gold pieces at shops.

Inventory:

Missiles
 H - a throwing net (quivered)
Armour
 l - a +4 plate armour (worn)
 z - a +2 pair of boots (worn)
 N - a scarf of spirit shield
 Q - a +1 cloak of poison resistance (worn)
 R - a +2 helmet of intelligence (worn)
 S - a +2 large shield
 V - a +1 shield of protection (worn)
 W - a +1 plate armour of fire resistance
Jewellery
 g - an uncursed ring of ice
 n - an uncursed ring of flight
 y - an amulet of regeneration (around neck)
 D - an uncursed ring of protection from cold {!d}
 K - an uncursed ring of protection from fire {!d}
 O - a ring of resist corrosion (left claw) {!d}
 U - a +4 ring of evasion (right claw)
Wands
 b - a wand of enslavement (40)
 w - a wand of acid (27)
 x - a wand of paralysis (18)
 B - a wand of digging (61)
 C - a wand of flame (40)
 F - a wand of clouds (6)
 G - a wand of scattershot (5)
 J - a wand of iceblast (19)
 T - a wand of polymorph (26)
Scrolls
 e - 4 scrolls of blinking
 j - 5 scrolls of fog
 m - 11 scrolls of identify
 q - 12 scrolls of teleportation
 s - 5 scrolls of fear {!r}
 A - 5 scrolls of remove curse
 L - 2 scrolls of summoning {!r}
 M - 3 scrolls of magic mapping {!r}
Potions
 a - 3 potions of agility
 f - 15 potions of curing
 h - 7 potions of haste
 i - 5 potions of flight
 k - 2 potions of ambrosia {!q}
 o - a potion of resistance
 r - 9 potions of heal wounds
 t - 5 potions of magic
 u - 6 potions of brilliance
 v - 2 potions of might
 E - 2 potions of invisibility
 I - 3 potions of cancellation
Comestibles
 c - 53 rations
 d - 9 chunks of flesh


   Skills:
 + Level 14.3 Fighting
 + Level 12.1 Armour
 - Level 3.1 Dodging
 + Level 10.3 Shields
 * Level 19.6 Unarmed Combat
 - Level 1.7 Spellcasting
 - Level 2.6 Charms
 + Level 13.7 Invocations


You had 3 spell levels left.
You knew the following spells:

 Your Spells              Type           Power        Failure   Level  Hunger
a - Borgnjor's Vile Clut  Necr/Erth      #.........   100%        5    ######.
b - Swiftness             Chrm/Air       #.......     99%         2    ###....
c - Regeneration          Chrm/Necr      #.........   100%        3    ####...
y - Deflect Missiles      Chrm/Air       #.........   100%        6    #######


Dungeon Overview and Level Annotations

Branches:
Dungeon (15/15) Temple (1/1) D:6 Lair (6/6) D:11 Shoals (0/4) Lair:4 Spider (4/4) Lair:2 Slime (0/5) Lair:5 Orc (2/2) D:10 Elf (0/3) Orc:2 Vaults (0/5) D:12 D:13 Depths (0/5) D:15

Altars:
Ashenzari
Cheibriados
Dithmenos
Elyvilon
Fedhas
Gozag
Hepliaklqana
Kikubaaqudgha
Makhleb
Nemelex Xobeh
Okawaru
Qazlal
Ru
Sif Muna
Trog
Uskayaw
Vehumet
Wu Jian
Xom
Yredelemnul
Zin
The Shining One
Beogh
Jiyva

Shops:
D:7 %   D:10 *   Orc:2 :**(

Annotations:
Lair:4 exclusions: oklob plant and 1 more exclusion


Innate Abilities, Weirdness & Mutations

Your body is rotting away.
You thrive on raw meat.
You are immune to poison.
You have sharp fingernails.
You are carnivorous and can eat meat at any time.
Your flesh is cold resistant. (rC+)
You are immune to negative energy. (rN+++)
You do not regenerate when monsters are visible.
You are immune to unholy pain and torment.
You can survive without breathing.


Message History

Makhleb accepts your kill.
You feel better.
A jumping spider comes into view.
You regained 12 hp, and now have 150/154 hp.
You closely miss the emperor scorpion.
The jumping spider hisses angrily.
The moth of wrath goads the jumping spider on!
The jumping spider goes berserk!
The emperor scorpion misses you.
The emperor scorpion claws you but does no damage.
You block the emperor scorpion's attack.
You feel you are being watched by something.
You feel your power leaking away.
The jumping spider leaps!
You now have 20/26 mp.
You barely miss the emperor scorpion. The emperor scorpion stings you!!
The emperor scorpion claws you.
You block the emperor scorpion's attack.
You take 24 damage, and have 126/154 hp.
Your plate armour prevents you from hitting the emperor scorpion.
You block the emperor scorpion's attack. x3
You feel you are being watched by something.
You feel your power leaking away.
You now have 11/26 mp.
You closely miss the emperor scorpion.
You block the emperor scorpion's attack.
The emperor scorpion barely misses you.
The emperor scorpion completely misses you.
Okay, then.
A demon appears!
You block the emperor scorpion's attack.
The emperor scorpion claws you. x2; The emperor scorpion stings you!
The emperor scorpion claws you but does no damage.
The emperor scorpion barely misses you.
You take 34 damage, and have 92/154 hp.
MASSIVE DAMAGE!!
The emperor scorpion stings you. The emperor scorpion barely misses you.
The emperor scorpion claws you!
* * * LOW HITPOINT WARNING * * *
Your Executioner evades a web.
You take 18 damage, and have 74/154 hp.
You barely miss the emperor scorpion.
You feel you are being watched by something.
You feel your power leaking away. The emperor scorpion stings you!!
* * * LOW HITPOINT WARNING * * *
The emperor scorpion closely misses you.
The emperor scorpion claws you but does no damage.
Your Executioner barely misses the emperor scorpion.
Your Executioner hits the emperor scorpion but does no damage. x2
You take 26 damage, and have 48/154 hp.
You now have 7/26 mp.
Your plate armour prevents you from hitting the emperor scorpion.
Your Executioner hits the emperor scorpion but does no damage.
Your Executioner barely misses the emperor scorpion.
Your Executioner hits the emperor scorpion but does no damage.
The emperor scorpion stings your Executioner.
The emperor scorpion closely misses your Executioner.
The emperor scorpion claws your Executioner but does no damage.
The jumping spider leaps!
You scratch the emperor scorpion but do no damage.
Your Executioner misses the emperor scorpion.
Your Executioner hits the emperor scorpion.
Your Executioner barely misses the emperor scorpion.
The emperor scorpion stings you!
* * * LOW HITPOINT WARNING * * *
The emperor scorpion closely misses you.
The emperor scorpion claws you but does no damage.
You feel you are being watched by something.
You feel your power leaking away.
The jumping spider leaps!
You take 15 damage, and have 33/154 hp.
You now have 0/26 mp.
The jumping spider rages.
Your Executioner hits the emperor scorpion!
Your Executioner hits the emperor scorpion but does no damage. x2
Your Executioner closely misses the emperor scorpion.
Your Executioner hits the emperor scorpion but does no damage. x2
You block the jumping spider's attack.
The jumping spider bites you but does no damage.
Your Executioner gestures at the emperor scorpion.
The emperor scorpion resists with some effort.
The jumping spider pounces on your Executioner.
The jumping spider bites your Executioner but does no damage.
The emperor scorpion stings your Executioner!!!
The emperor scorpion claws your Executioner!
The emperor scorpion claws your Executioner.
Your Executioner dies!
You hear an angry hiss.
Okay, then.
Press: ? - help, v - describe, . - travel The floor.
As you read the scroll of teleportation, it crumbles to dust.
You feel strangely unstable. The jumping spider barely misses you.
The jumping spider bites you but does no damage.
You block the emperor scorpion's attack. x3
The jumping spider rages.
The emperor scorpion barely misses you. The emperor scorpion claws you!
* * * LOW HITPOINT WARNING * * *
You block the emperor scorpion's attack.
You take 17 damage, and have 16/154 hp.
The jumping spider barely misses you. x2
The emperor scorpion stings you!!
You die...

.....^..#.....#.....#.........^..
..#..#..^........^......#......:.
...^......................#..^.^.
###...^.##^^.....#....#......####
# ################.##......#..# #
#### #### ######...#^..# #
####..####..######### ###.^.^## #
#≈.≈.............s.^## ###^## ##
......^........≈@s≈..## ### ##.
.≈≈≈≈########.^..s....## #..
≈≈#### #####....^.# ### ≈##
###{...# # ^# #....# ^# #[≈..# .#
.§..sy†^.### .. ......#### ...
....≈#


You could see an emperor scorpion (berserk) and 2 jumping spiders.

Vanquished Creatures
  Agnes (Spider:1)
  The ghost of PeterLawrence the Bludgeoner, a journeyman MiFi of Okawaru (D:15)
  An orc warlord (Orc:2)
  Louise (Spider:4)
  4 emperor scorpions
  3 ghost moths (Spider:3)
  2 entropy weavers
  2 dire elephants
  2 spark wasps
  Azrael (Orc:1)
  An ettin (D:13)
  Snorg (Orc:1)
  A minotaur (Lab)
  5 hydras
  Harold (Lair:1)
  A merfolk impaler (D:14)
  Fannar (Orc:1)
  A yaktaur captain (D:13)
  An ice dragon (D:13)
  5 centaur warriors
  2 catoblepae
  2 merfolk avatars
  2 death yaks (Lair:4)
  8 two-headed ogres
  The ghost of Aviak the Protected, a journeyman FoCj of Hepliaklqana (D:9)
  A tengu warrior (D:13)
  An orc high priest (Orc:2)
  Nergalle (D:10)
  A deep elf knight (D:12)
  A skeletal warrior (D:12)
  A sea snake (Lair:6)
  An unseen horror (D:14)
  5 orc knights
  A wolf spider zombie (D:12)
  2 deep elf magi
  10 orb spiders
  4 orc sorcerers (Orc:2)
  2 moths of wrath
  5 cyclopes
  24 wolf spiders
  13 ugly things
  4 manticores
  2 centaur zombies
  3 black mambas
  14 elephants
  Maurice (Orc:1)
  3 gargoyles
  21 spiny frogs
  Joseph (D:8)
  A torpor snail (Spider:4)
  An efreet (D:15)
  A yaktaur (D:13)
  15 demonic crawlers
  11 komodo dragons
  9 rime drakes
  3 meliai (Lair:4)
  18 jumping spiders
  2 wind drakes (Lair:6)
  A queen bee (Lair:4)
  7 trolls
  3 polar bears
  8 hornets
  4 tyrant leeches (Spider:3)
  14 blink frogs
  7 dream sheep (Lair:4)
  11 hippogriffs
  9 slime creatures
  55 redbacks
  A meliai zombie (D:14)
  2 shadows
  26 yaks
  24 tarantellas
  A vampire (D:13)
  7 wyverns
  5 basilisks
  2 hungry ghosts
  16 humans
  2 steam dragons
  2 wargs (Orc:2)
  9 vampire mosquitoes
  An acid dragon (D:14)
  16 water moccasins
  4 hell hounds (Orc:2)
  7 porcupines
  32 orc warriors
  2 sky beasts
  4 black bears
  An ice beast (D:11)
  2 eyes of draining
  3 necrophages
  3 phantoms
  11 ogres
  3 boggarts (D:15)
  20 centaurs
  4 wolves (Lair:3)
  13 crocodiles
  12 bullfrogs
  3 big kobolds
  4 earth elementals (Spider:3)
  10 scorpions
  39 killer bees
  3 electric eels
  13 wights
  2 howler monkeys (D:9)
  7 crimson imps
  A bullfrog zombie (D:12)
  A gnoll shaman (D:7)
  3 centaur skeletons
  2 jellies
  20 orc priests
  3 bullfrog skeletons
  5 hounds
  26 orc wizards
  10 worker ants
  An iguana (D:11)
  2 hound zombies
  A hound skeleton (D:7)
  A howler monkey zombie (D:5)
  A howler monkey skeleton (D:8)
  4 gnolls (D:7)
  20 adders
  A river rat (Lair:4)
  3 shadow imps
  An adder skeleton (D:7)
  4 worms (D:2)
  5 dart slugs
  6 leopard geckos
  110 orcs
  6 bats
  8 giant cockroaches
  7 goblins
  12 hobgoblins
  17 jackals
  6 quokkas
  8 ball pythons
  15 frilled lizards
  A jackal zombie (D:8)
  13 kobolds
  A leopard gecko zombie (D:7)
  10 rats
  A fungus (Lair:6)
  A plant (D:11)
1006 creatures vanquished.

Vanquished Creatures (collateral kills)
  Jorgrun (Spider:2)
  An entropy weaver (Spider:2)
  An orb spider (Spider:2)
  2 jumping spiders (Spider:2)
  4 redbacks (Spider:2)
  3 yaks (D:10)
12 creatures vanquished.

Vanquished Creatures (others)
  An unseen horror (D:12)
  A jumping spider (Spider:4)
  A crimson imp (D:12)
  An orc wizard (Orc:2)
  2 orcs (Orc:2)
  22 fungi
  18 plants
46 creatures vanquished.

Grand Total: 1064 creatures vanquished

Notes
Turn   | Place    | Note
-------+----------+-------------------------------------------
     0 | D:1      | Monsterracer the Ghoul Skald began the quest for the Orb.
     0 | D:1      | Reached XP level 1. HP: 17/17 MP: 2/2
   335 | D:1      | Reached XP level 2. HP: 22/24 MP: 3/3
   369 | D:1      | Reached skill level 3 in Unarmed Combat
   935 | D:1      | Found an iron altar of Okawaru.
   937 | D:1      | Found a shimmering altar of Xom.
   937 | D:1      | Found a basalt altar of Yredelemnul.
   939 | D:1      | Found a hide-covered altar of Uskayaw.
   939 | D:1      | Found a shimmering altar of Xom.
   939 | D:1      | Found a snail-covered altar of Cheibriados.
  1350 | D:2      | HP: 10/23 [worm (9)]
  1352 | D:2      | HP: 3/23 [worm (7)]
  1356 | D:2      | Reached XP level 3. HP: 4/28 MP: 4/4
  1724 | D:2      | Reached skill level 4 in Unarmed Combat
  2200 | D:2      | Reached XP level 4. HP: 35/36 MP: 2/5
  2681 | D:2      | Reached skill level 5 in Unarmed Combat
  3271 | D:3      | Reached XP level 5. HP: 34/42 MP: 6/6
  3275 | D:3      | HP: 21/42 [orc wizard/puff of frost (4)]
  3278 | D:3      | HP: 10/42 [orc wizard/puff of frost (6)]
  3589 | D:3      | Found a shadowy altar of Dithmenos.
  4045 | D:3      | Reached skill level 6 in Unarmed Combat
  4045 | D:3      | Reached XP level 6. HP: 29/51 MP: 0/7
  4280 | D:4      | Learned a level 1 spell: Infusion
  4283 | D:4      | Learned a level 2 spell: Song of Slaying
  4555 | D:4      | HP: 14/51 [ogre/giant spiked club (23)]
  4759 | D:4      | Reached skill level 1 in Armour
  4759 | D:4      | Reached XP level 7. HP: 49/58 MP: 8/8
  5255 | D:5      | Entered Level 5 of the Dungeon
  5269 | D:5      | Reached skill level 7 in Unarmed Combat
  5547 | D:6      | Found a staircase to the Ecumenical Temple.
  5554 | Temple   | Entered the Ecumenical Temple
  5589 | Temple   | Became a worshipper of Makhleb the Destroyer
  5653 | D:6      | Reached XP level 8. HP: 66/67 MP: 9/9
  5700 | D:6      | Reached skill level 1 in Invocations
  5745 | D:6      | Reached skill level 8 in Unarmed Combat
  5853 | D:6      | Found a glowing drain.
  5867 | Sewer    | Entered a sewer
  6465 | D:6      | Reached skill level 5 in Fighting
  6856 | D:5      | Got a distressingly furry robe
  7500 | D:7      | Reached skill level 9 in Unarmed Combat
  7505 | D:7      | HP: 31/62 [wight/halberd (3)]
  7513 | D:7      | HP: 27/62 [wight/mace (2)]
  7732 | D:7      | Reached skill level 5 in Armour
  7732 | D:7      | Reached skill level 11 in Unarmed Combat
  7732 | D:7      | Reached XP level 9. HP: 74/74 MP: 9/12
  7935 | D:7      | Reached * piety under Makhleb
  7951 | D:7      | Reached XP level 10. HP: 48/77 MP: 13/13
  8198 | D:7      | Found Tuxzenog's Food Shop.
  8597 | D:8      | Noticed Joseph
  8612 | D:8      | Killed Joseph
  8612 | D:8      | Reached skill level 12 in Unarmed Combat
  8760 | D:8      | Reached ** piety under Makhleb
  9764 | D:9      | Reached *** piety under Makhleb
 10238 | D:9      | Noticed Aviak's ghost (journeyman FoCj)
 10258 | D:9      | Killed Aviak's ghost
 10391 | D:9      | Reached XP level 11. HP: 95/95 MP: 15/15
 10397 | D:9      | Found a sparkling altar of Nemelex Xobeh.
 10483 | D:10     | Entered Level 10 of the Dungeon
 10576 | D:10     | Found Mewylim's Demolitions Depot.
 10576 | D:10     | Noticed Nergalle
 10592 | D:10     | Noticed a spectral orc warlord
 10595 | D:10     | Killed Nergalle
 10806 | D:10     | Noticed a two-headed ogre
 11040 | D:10     | Reached skill level 13 in Unarmed Combat
 11050 | D:10     | HP: 39/97 [orc warrior/trident (11)]
 11061 | D:10     | HP: 25/97 [two-headed ogre/giant club (14)]
 11061 | D:10     | HP: 10/97 [two-headed ogre/giant club (15)]
 11078 | D:10     | HP: 9/97 [two-headed ogre/giant club (2)]
 11202 | D:9      | HP: 48/97 [howler monkey (2)]
 11375 | D:10     | Found a staircase to the Orcish Mines.
 11492 | D:10     | Reached **** piety under Makhleb
 11555 | D:10     | HP: 48/97 [two-headed ogre/giant club (4)]
 11558 | D:10     | Killed a two-headed ogre
 11861 | D:11     | HP: 42/97 [centaur/arrow (9)]
 11866 | D:10     | HP: 20/97 [centaur (4)]
 11875 | D:10     | HP: 14/97 [centaur (4)]
 12093 | D:10     | HP: 46/96 [hippogriff (4)]
 12251 | D:11     | HP: 48/99 [yak (3)]
 12283 | D:11     | HP: 44/99 [yak (11)]
 12289 | D:11     | HP: 26/99 [yak (7)]
 12350 | D:11     | Found a staircase to the Lair.
 12473 | D:11     | Found a white marble altar of Elyvilon.
 12481 | D:11     | Noticed a brown ugly thing
 12495 | D:11     | Killed a brown ugly thing
 12495 | D:11     | Reached ***** piety under Makhleb
 12495 | D:11     | Reached XP level 12. HP: 87/106 MP: 17/17
 12565 | D:11     | Reached skill level 14 in Unarmed Combat
 12773 | D:11     | Noticed a seven-headed hydra
 12774 | D:11     | Reached skill level 10 in Fighting
 12789 | D:11     | HP: 52/105 [seven-headed hydra (7)]
 13477 | Lair:1   | Entered Level 1 of the Lair of Beasts
 13694 | Lair:1   | Noticed Harold
 13720 | Lair:1   | Killed Harold
 14448 | Lair:2   | HP: 53/107 [blink frog (4)]
 14452 | Lair:2   | HP: 20/107 [blink frog (13)]
 14456 | Lair:2   | HP: 8/108 [blink frog (8)]
 14461 | Lair:2   | HP: 15/108 [blink frog (12)]
 15033 | Lair:2   | Reached skill level 15 in Unarmed Combat
 15676 | Lair:2   | Found a hole to the Spider Nest.
 15998 | Lair:3   | Reached skill level 10 in Invocations
 16005 | Lair:3   | Reached XP level 13. HP: 94/115 MP: 19/19
 16320 | Lair:3   | HP: 58/116 [elephant (2)]
 16333 | Lair:3   | HP: 57/116 [elephant (1)]
 16352 | Lair:3   | HP: 51/116 [elephant (13)]
 16359 | Lair:3   | HP: 54/116 [elephant (3)]
 16364 | Lair:3   | HP: 57/116 [elephant (5)]
 16376 | Lair:3   | HP: 51/116 [basilisk (6)]
 16382 | Lair:3   | HP: 47/116 [basilisk (2)]
 17079 | Lair:4   | Found a staircase to the Shoals.
 17307 | Lair:4   | Reached ****** piety under Makhleb
 17330 | Lair:4   | Reached skill level 16 in Unarmed Combat
 18166 | Lair:5   | Found a viscous altar of Jiyva.
 18166 | Lair:5   | Found a staircase to the Slime Pits.
 18176 | Lair:5   | Identified a scroll of acquirement
 18357 | Lair:5   | Reached XP level 14. HP: 122/125 MP: 21/21
 18959 | Lair:6   | Entered Level 6 of the Lair of Beasts
 19049 | Lair:6   | Found a labyrinth entrance.
 19112 | Lair:6   | HP: 62/124 [spiny frog (8)]
 19113 | Lab      | Entered a labyrinth
 19216 | Lab      | Reached skill level 10 in Armour
 19228 | Lab      | Learned a level 3 spell: Regeneration
 19229 | Lab      | Identified Qucuneosk's Catalogue of Conjuration and Enhancements
 19241 | Lab      | Got a shimmering dagger
 19596 | Lair:6   | Reached skill level 17 in Unarmed Combat
 19629 | Lair:6   | Learned a level 5 spell: Borgnjor's Vile Clutch
 19637 | Lair:6   | Learned a level 6 spell: Deflect Missiles
 19820 | Lair:6   | Noticed a dire elephant
 19843 | Lair:6   | Killed a dire elephant
 20633 | Orc:1    | Entered Level 1 of the Orcish Mines
 20664 | Orc:1    | Noticed Fannar
 20731 | Orc:1    | HP: 60/122 [ice beast[Fannar] (2)]
 20732 | Orc:1    | Killed Fannar
 20860 | Orc:1    | Noticed Snorg
 20865 | Orc:1    | Noticed Maurice
 20874 | Orc:1    | HP: 63/126 [Snorg (9)]
 20876 | Orc:1    | Killed Snorg
 20880 | Orc:1    | Killed Maurice
 20881 | Orc:1    | Found a roughly hewn altar of Beogh.
 21117 | Orc:2    | Entered Level 2 of the Orcish Mines
 21174 | Orc:2    | Noticed Azrael
 21211 | Orc:1    | HP: 43/126 [Azrael/damnation (24)]
 21213 | Orc:1    | HP: 19/126 [Azrael/damnation (24)]
 21214 | Orc:1    | HP: 7/126 [Azrael/damnation (12)]
 21215 | Orc:1    | Killed Azrael
 21403 | Orc:2    | Found a staircase to the Elven Halls.
 21466 | Orc:2    | Reached XP level 15. HP: 134/134 MP: 23/23
 21510 | Orc:2    | Found Imirri's Assorted Antiques.
 21622 | Orc:2    | Paralysed by an orc sorcerer for 6 turns
 21762 | Orc:2    | Found Xunygg's Antique Weapon Emporium.
 21892 | Orc:2    | Bought a potion of heal wounds for 145 gold pieces
 21892 | Orc:2    | Bought a lumpy pearl amulet for 145 gold pieces
 21892 | Orc:2    | Bought a glowing garnet ring for 145 gold pieces
 22083 | Orc:2    | Noticed an orc warlord
 22126 | Orc:2    | HP: 67/134 [chaos spawn[an orc high priest] (11)]
 22127 | Orc:2    | Killed an orc warlord
 22205 | Orc:2    | Found a roughly hewn altar of Beogh.
 22315 | Orc:2    | Found Rulu's Book Shoppe.
 22517 | Orc:2    | Found Oshizuf's General Store.
 22523 | Orc:2    | Bought a scroll of blinking for 90 gold pieces
 22611 | Orc:2    | Found Adeis's Antique Weapon Shoppe.
 22649 | Orc:2    | Found Yzybyerr's Antique Armour Shoppe.
 23066 | D:12     | Reached skill level 18 in Unarmed Combat
 23203 | D:12     | Found a runed door.
 23203 | D:12     | Found a runed door.
 23261 | D:11     | HP: 37/135 [titanic slime creature (45)]
 23274 | D:11     | HP: 30/135 [porcupine (7)]
 23296 | D:11     | HP: 29/135 [porcupine (1)]
 23458 | D:11     | HP: 55/135 [large slime creature (20)]
 23769 | D:12     | Found a runed door.
 24191 | D:12     | Got a steaming glaive
 24337 | D:13     | Found a gate to the Vaults.
 24750 | D:13     | HP: 67/136 [ice dragon (7)]
 24759 | D:13     | HP: 60/136 [cyclops (2)]
 24770 | D:13     | HP: 52/136 [ettin/dire flail (10)]
 25202 | D:13     | Reached XP level 16. HP: 145/145 MP: 18/24
 25222 | D:13     | HP: 68/145 [wolf spider (11)]
 25252 | D:13     | HP: 71/144 [basilisk (5)]
 25711 | D:14     | Found a runed door.
 26023 | D:14     | Found a runed warning-scrawled door.
 26067 | D:14     | Found a runed door.
 26387 | D:14     | Reached skill level 19 in Unarmed Combat
 26685 | D:15     | Entered Level 15 of the Dungeon
 26739 | D:15     | Reached skill level 1 in Shields
 27043 | D:15     | Noticed PeterLawrence's ghost (journeyman MiFi)
 27052 | D:15     | Killed PeterLawrence's ghost
 27399 | D:15     | Found a staircase to the Depths.
 27683 | D:15     | Reached skill level 5 in Shields
 28064 | Spider:1 | Entered Level 1 of the Spider Nest
 28350 | Spider:1 | Noticed Agnes
 28381 | Spider:1 | Killed Agnes
 28932 | Spider:1 | HP: 61/145 [disintegration (39)]
 28943 | Spider:1 | HP: 62/145 [disintegration (9)]
 29385 | Spider:2 | HP: 71/145 [entropy weaver (3)]
 29400 | Spider:2 | HP: 48/145 [jumping spider (10)]
 29406 | Spider:2 | HP: 43/145 [entropy weaver (3)]
 29602 | Spider:2 | Noticed Jorgrun
 29617 | Spider:2 | Killed Jorgrun
 30313 | Spider:3 | Reached XP level 17. HP: 130/151 MP: 6/25
 30708 | Spider:3 | HP: 71/151 [entropy weaver/flail (6)]
 30714 | Spider:3 | HP: 52/151 [jumping spider (4)]
 31682 | Spider:3 | Reached skill level 10 in Shields
 31845 | Spider:4 | Entered Level 4 of the Spider Nest
 32319 | Spider:4 | Noticed Louise
 32380 | Spider:4 | Killed Louise
 32444 | Spider:4 | Learned a level 2 spell: Swiftness
 32615 | Spider:4 | HP: 68/152 [disintegration (39)]
 32633 | Spider:4 | HP: 75/152 [emperor scorpion (4)]
 32638 | Spider:4 | HP: 60/152 [emperor scorpion (8)]
 32643 | Spider:4 | HP: 59/152 [emperor scorpion (1)]
 32649 | Spider:4 | HP: 52/152 [hornet (5)]
 32654 | Spider:4 | HP: 76/152 [hornet (1)]
 32663 | Spider:4 | HP: 61/152 [disintegration (22)]
 32676 | Spider:4 | HP: 67/152 [disintegration (30)]
 32822 | Spider:4 | HP: 74/154 [emperor scorpion (16)]
 32825 | Spider:4 | HP: 33/154 [emperor scorpion (15)]
 32829 | Spider:4 | HP: 16/154 [emperor scorpion (17)]
 32831 | Spider:4 | Slain by an emperor scorpion

Skill      XL: |  1  2  3  4  5  6  7  8  9 10 11 12 13 14 15 16 17 |
---------------+----------------------------------------------------+-----
Unarmed Combat | 3 4 5 6 7 11 12 13 15 16 17 18 19 | 19.6
Dodging        | 2 3 |  3.1
Fighting       | 3 4 8 9 10 11 12 13 14 | 14.3
Armour         | 1 2 5 6 7 8 9 10 11 12 | 12.1
Invocations    | 6 7 8 10 11 12 13 | 13.7
Shields        | 9 10 | 10.3
Spellcasting   | |  1.7
Charms         | |  2.6

Action                   |  1- 3 |  4- 6 |  7- 9 | 10-12 | 13-15 | 16-18 || total
-------------------------+-------+-------+-------+-------+-------+-------++-------
Melee: Unarmed           |   130 |   183 |   285 |   905 |  1634 |  1124 ||  4261
       Punch             |     1 |     1 |     6 |    29 |    66 |    10 ||   113
 Cast: Infusion          |     3 |    11 |       |       |       |       ||    14
Invok: Minor Destruction |       |       |       |    43 |    48 |   141 ||   232
       Lesser Servant of |       |       |       |     3 |     1 |       ||     4
       Greater Servant o |       |       |       |       |       |     3 ||     3
Evoke: Wand              |       |       |       |       |     1 |       ||     1
  Use: Scroll            |       |    12 |     6 |    12 |     8 |     7 ||    45
       Potion            |       |       |     1 |     1 |       |     1 ||     3
 Stab: Sleeping          |       |     1 |       |       |       |       ||     1
       Petrified         |       |       |       |       |     5 |       ||     5
  Eat: Chunk             |    13 |    15 |     4 |    92 |    79 |    59 ||   262
       Ration            |       |       |     1 |       |     3 |       ||     4
Armor: Leather armour    |    23 |       |       |       |       |       ||    23
       Robe              |     1 |    47 |       |       |       |       ||    48
       Plate armour      |       |     3 |   192 |   668 |  1194 |   932 ||  2989
       Chain mail        |       |       |       |     7 |       |       ||     7
Dodge: Dodged            |    81 |   114 |    66 |   341 |   855 |   564 ||  2021
Block: Shield            |       |       |       |       |       |   632 ||   632

Vault maps used:
D:1:      lemuel_arrival_behind_the_door_large, serial_corexii_hall,
          corexii_hall_statues_x, corexii_hall_statues_l,
          corexii_hall_statues_i, corexii_hall_statues_u,
          minmay_misc_feat_encased, doesnt_xom_only_xom
D:2:      first_ration, fountainhead, kennysheep_generic_room_11
D:3:      nicolae_dithmenos_through_a_glass_darkly
D:4:      minmay_bisected
D:6:      minmay_temple_entry_junction, portal_sewer_entry_e
D:7:      serial_shops, shop
D:8:      corexii_shack_village, uniq_joseph
D:9:      blue_anna_alchemist, nemelex_xobeh_ov_fountains_minmay
D:10:     hiddenorc2_lemuel, nicolae_blasting_shop, uniq_nergalle
D:11:     due_lair_maze_entry_diamond, basic_altar, minmay_pinched_square
D:12:     minmay_the_grid_triangle_9x9_rhombus_full, serial_glass,
          glass_columns_c, glass_columns_a
D:13:     minmay_expanding_squares, david_vaults_3
D:14:     serial_column_ruins, column_ruins_open_small,
          column_ruins_columns_corner, column_ruins_open_tiny,
          column_ruins_corridor_corner, column_ruins_grid_1,
          kennysheep_small_spiral, mikee_hates_you
D:15:     hangedman_depths_entry_try_elsewhere_first
Temple:   dpeg_three_leaves_temple
Lair:1:   lemuel_fruit_tree, grunt_megastairs_1, lemuel_fruit_fields,
          uniq_harold
Lair:2:   spider_nest_entry_funnel_web, serial_bayou_shore_b
Lair:3:   grunt_megastairs_5
Lair:4:   hangedman_what_comes_after_a, shoals_dummy_entry
Lair:5:   slime_altar_1
Lair:6:   gammafunk_lair_ancient_temple, lab_entry_generic
Spider:1: einodemon_crawler_minivault, uniq_agnes
Spider:2: uniq_jorgrun
Spider:3: hangedman_stitches_earthworm
Spider:4: grunt_spider_rune_circles, uniq_louise
Orc:1:    basic_altar, uniq_snorg, uniq_maurice, uniq_fannar
Orc:2:    grunt_orc_cross, serial_shops, nicolae_shop_waterfront,
          nicolae_shop_statue_plus, uniq_azrael
Lab:      nicolae_lab_dead_adventurers, nicolae_lab_grate_2
Sewer:    sewer_co_cracked_pipes
